[Event "Titled Tuesday Blitz May 2 Early 2023"]
[White "Vakhlamov, Igor L."]
[Black "Rangel, Daniel"]
[WhiteFideId "24126748"]
[BlackFideId "2124475"]
[WhiteElo "2400"]
[BlackElo "2256"]
[Result "1-0"]
[Round "01"]
[TimeControl "180+2"]
[Date "2023.05.02"]
[WhiteClock "0:00:00"]
[BlackClock "0:00:00"]

1. e4 c5 2. Nf3 g6 3. d4 cxd4 4. Nxd4 Bg7 5. Nc3 Nc6 6. Nxc6 bxc6 7. Bc4 d6 8. O-O Nf6 9. e5 Ng4 10. exd6 O-O 11. Bg5 Qxd6 12. Qxd6 exd6 13. Be7 Re8 14. Bxd6 Bf5 15. Bb3 Rad8 16. Bc5 Rd2 17. Rad1 Red8 18. Rxd2 Rxd2 19. h3 Nh6 20. Re1 Bxc3 21. Re8+ Kg7 22. bxc3 g5 23. Be3 Rd1+ 24. Kh2 Kg6 25. g4 Bd7 26. Rd8 Bxg4 27. Rxd1 Bxd1 28. Bxa7 Nf5 29. a4 Nd6 30. a5 Be2 31. Bc5 Nb7 32. Bb6 f5 33. Be6 Ba6 34. Bd7 h5 35. Bxc6 g4 36. c4 Kg5 37. Bb5 Bxb5 38. cxb5 Nd6 39. a6 h4 40. a7 f4 41. a8=Q g3+ 42. fxg3 hxg3+ 43. Kg2 Nf5 44. Qg8+ Kf6 45. Qd5 Nh4+ 46. Kg1 f3 47. Qd4+ Kf5 48. Qxh4 g2 49. Bf2 1-0


[Site "https://www.chess.com"]

[Event "Titled Tuesday Blitz May 2 Early 2023"]
[White "Pujari, Rucha"]
[Black "Tanenbaum, Zachary"]
[WhiteFideId "5024528"]
[BlackFideId "2060850"]
[WhiteElo "2129"]
[BlackElo "2175"]
[Result "0-1"]
[Round "01"]
[TimeControl "180+2"]
[Date "2023.05.02"]
[WhiteClock "0:00:00"]
[BlackClock "0:00:00"]

1. d4 d5 2. c4 dxc4 3. e3 e5 4. Bxc4 Nc6 5. d5 Na5 6. Be2 c6 7. e4 Nf6 8. Nc3 Bb4 9. Bg5 h6 10. Bxf6 Qxf6 11. Qa4 Bxc3+ 12. bxc3 b6 13. Nf3 O-O 14. O-O Bg4 15. c4 Bxf3 16. Bxf3 cxd5 17. cxd5 Nb7 18. Rac1 Nc5 19. Qa3 Qd6 20. Qe3 a5 21. Be2 f5 22. exf5 Rxf5 23. f3 Raf8 24. Rfe1 Kh8 25. Bd3 Rg5 26. Be4 Rf4 27. Kh1 Rh5 28. Rcd1 Rfh4 29. h3 Qd7 30. Qf2 Rxh3+ 31. gxh3 Qxh3+ 0-1


[Site "https://www.chess.com"]

[Event "Titled Tuesday Blitz May 2 Early 2023"]
[White "Dinu, Dumitru-Daniel"]
[Black "Harshavardhan G B"]
[WhiteFideId "1208403"]
[BlackFideId "25059009"]
[WhiteElo "2240"]
[BlackElo "2323"]
[Result "1-0"]
[Round "01"]
[TimeControl "180+2"]
[Date "2023.05.02"]
[WhiteClock "0:00:00"]
[BlackClock "0:00:00"]

1. e4 e6 2. d4 d5 3. exd5 exd5 4. Nf3 Bd6 5. c4 dxc4 6. Bxc4 Nf6 7. O-O O-O 8. Nc3 Nc6 9. Bg5 h6 10. Bh4 Bg4 11. h3 Bh5 12. g4 Bg6 13. Nd5 Be7 14. Nxe7+ Qxe7 15. Re1 Qd6 16. Ne5 Kh7 17. f4 Nxd4 18. f5 Bxf5 19. gxf5 Rae8 20. Bg3 Nxf5 21. Bd3 Qd4+ 22. Kh2 g6 23. Bxf5 Qxb2+ 24. Re2 Qc3 25. Rc1 Qa5 26. Bb1 Nh5 27. Qe1 Qb6 28. Nd7 Qd4 29. Nxf8+ Rxf8 30. Rd1 Qa4 31. Re4 Qc6 32. Rg4 Nf6 33. Rf4 Nh5 34. Rf2 1-0


[Site "https://www.chess.com"]

[Event "Titled Tuesday Blitz May 2 Early 2023"]
[White "Myers, Dominique"]
[Black "Ashraf, Artin"]
[WhiteFideId "2041715"]
[BlackFideId "22514805"]
[WhiteElo "1934"]
[BlackElo "2188"]
[Result "0-1"]
[Round "01"]
[TimeControl "180+2"]
[Date "2023.05.02"]
[WhiteClock "0:00:00"]
[BlackClock "0:00:00"]

1. e4 c5 2. Nf3 d6 3. d4 cxd4 4. Nxd4 Nf6 5. Nc3 a6 6. h3 g6 7. g4 Bg7 8. Bg2 O-O 9. O-O Bd7 10. Be3 Nc6 11. Qe2 Rc8 12. Rad1 Qa5 13. Nb3 Qc7 14. f4 b5 15. g5 Nh5 16. Nd5 Qb8 17. c3 Ng3 18. Qf3 Nxf1 19. Rxf1 Be6 20. h4 a5 21. f5 Bxd5 22. exd5 Ne5 23. Qg3 Nc4 24. Bc1 Qb6+ 25. Kh1 a4 26. f6 exf6 27. gxf6 axb3 28. axb3 Rfe8 29. bxc4 Bf8 30. cxb5 Qxb5 31. h5 Re5 32. hxg6 hxg6 33. Rg1 Rh5+ 34. Bh3 Qxd5+ 35. Kh2 Rc4 36. Bf4 Qf5 37. Be3 Rch4 0-1


[Site "https://www.chess.com"]

[Event "Titled Tuesday Blitz May 2 Early 2023"]
[White "Panesar Vedant"]
[Black "Da Silva, Lindolfo Luiz"]
[WhiteFideId "35033018"]
[BlackFideId "2106558"]
[WhiteElo "2278"]
[BlackElo "2207"]
[Result "1-0"]
[Round "01"]
[TimeControl "180+2"]
[Date "2023.05.02"]
[WhiteClock "0:00:00"]
[BlackClock "0:00:00"]

1. e4 c5 2. Nf3 Nc6 3. d4 cxd4 4. Nxd4 Nf6 5. Nc3 e5 6. Ndb5 d6 7. Nd5 Nxd5 8. exd5 Nb8 9. a4 Be7 10. Be2 O-O 11. O-O Nd7 12. Kh1 f5 13. f4 a6 14. Na3 b5 15. fxe5 Nxe5 16. axb5 axb5 17. Bxb5 Qb6 18. c4 g5 19. b4 f4 20. Bb2 Bf6 21. Nc2 Bg4 22. Qd4 Qxd4 23. Bxd4 Be2 24. Rxa8 Rxa8 25. Re1 f3 26. gxf3 Bxf3+ 27. Kg1 Ra2 28. Rc1 Nd3 29. Bxf6 Nxc1 30. Nd4 Rg2+ 31. Kf1 Be4 32. c5 dxc5 33. bxc5 Bxd5 34. Bc4 Bxc4+ 35. Kxg2 Nd3 36. c6 Kf7 37. c7 Bd5+ 38. Kf1 Bb7 39. Bxg5 Ne5 40. Nb5 Nd7 41. Nd6+ Ke6 42. Nxb7 Nb6 43. Nc5+ Kd6 44. Nd3 Kxc7 45. Bf4+ Kd7 46. Kf2 Ke6 47. Kf3 Kf5 48. Nf2 Nd5 49. Bg3 h5 50. Nd1 Kg6 51. Ne3 Nf6 52. h4 Nd7 53. Bf4 Nf6 54. Bg5 Nd7 55. Ng2 Ne5+ 56. Kg3 Kf5 57. Nf4 Nf7 58. Be7 Nh6 59. Ba3 Kf6 60. Nxh5+ Kf5 61. Kf3 Ng4 62. Ng3+ Kg6 63. Kxg4 1-0


[Site "https://www.chess.com"]

[Event "Titled Tuesday Blitz May 2 Early 2023"]
[White "Nemec, Jachym"]
[Black "Zhao, Jun"]
[WhiteFideId "23716525"]
[BlackFideId "8602522"]
[WhiteElo "2305"]
[BlackElo "2547"]
[Result "0-1"]
[Round "01"]
[TimeControl "180+2"]
[Date "2023.05.02"]
[WhiteClock "0:00:00"]
[BlackClock "0:00:00"]

1. d4 Nf6 2. c4 e6 3. Nc3 Bb4 4. e3 O-O 5. a3 Bxc3+ 6. bxc3 d6 7. Bd3 e5 8. f3 c5 9. Ne2 Nc6 10. e4 b6 11. d5 Na5 12. O-O Ba6 13. f4 Nd7 14. f5 Bxc4 15. Ng3 f6 16. Nh5 Rf7 17. Rf3 Bxd3 18. Qxd3 c4 19. Qe2 Nb3 20. Rb1 Nxc1 21. Rxc1 Nc5 22. Rh3 Nd3 23. Rf1 Qc7 24. Kh1 Qc5 25. g4 h6 26. Qd2 Kf8 27. Nxg7 Rxg7 28. Qxh6 Kf7 29. Qh5+ Ke7 30. g5 Rag8 31. gxf6+ Kxf6 32. Qh6+ Kf7 33. Qe6+ Kf8 34. Rg3 Rxg3 35. hxg3 Qc7 36. f6 Qh7+ 37. Kg2 Qxe4+ 38. Rf3 Nf4+ 39. Kh1 Qxf3+ 40. Kg1 Qg2# 0-1


[Site "https://www.chess.com"]

[Event "Titled Tuesday Blitz May 2 Early 2023"]
[White "Albornoz Cabrera, Carlos Daniel"]
[Black "Toktomushev, Teimur"]
[WhiteFideId "3518736"]
[BlackFideId "14176726"]
[WhiteElo "2516"]
[BlackElo "2116"]
[Result "1-0"]
[Round "01"]
[TimeControl "180+2"]
[Date "2023.05.02"]
[WhiteClock "0:00:00"]
[BlackClock "0:00:00"]

1. e4 c5 2. Nf3 e6 3. d4 cxd4 4. Nxd4 a6 5. Nc3 b5 6. Bd3 Bb7 7. O-O Nc6 8. Nxc6 Bxc6 9. a4 b4 10. Ne2 Bc5 11. Kh1 Nf6 12. f3 O-O 13. Ng3 d5 14. e5 Nd7 15. f4 Qh4 16. Bd2 f6 17. exf6 Nxf6 18. Qe1 Rae8 19. Ne4 Qxe1 20. Nxf6+ gxf6 21. Raxe1 a5 22. b3 Bd4 23. Rf3 e5 24. fxe5 fxe5 25. Rg3+ Kh8 26. Bh6 Rf7 27. Be3 Bxe3 28. Rgxe3 e4 29. Kg1 d4 30. R3e2 Rfe7 31. Bb5 Bxb5 32. axb5 e3 33. Rd1 Rd7 34. Rd3 Rc8 35. Rexe3 dxe3 36. Rxd7 Rxc2 37. Kf1 Rf2+ 38. Ke1 Rxg2 39. b6 Rg6 40. b7 Rb6 41. Rd8+ Kg7 42. b8=Q Rxb8 43. Rxb8 Kf6 44. Rb5 1-0


[Site "https://www.chess.com"]

[Event "Titled Tuesday Blitz May 2 Early 2023"]
[White "Colbow, Collin"]
[Black "Srihari L R"]
[WhiteFideId "16201132"]
[BlackFideId "46617116"]
[WhiteElo "2316"]
[BlackElo "2334"]
[Result "1/2-1/2"]
[Round "01"]
[TimeControl "180+2"]
[Date "2023.05.02"]
[WhiteClock "0:00:00"]
[BlackClock "0:00:00"]

1. Nf3 c5 2. d4 cxd4 3. Nxd4 e5 4. Nb3 d5 5. c4 Nf6 6. cxd5 Qxd5 7. Qxd5 Nxd5 8. e4 Nb4 9. Na3 N8c6 10. Bc4 Be7 11. O-O O-O 12. Be3 a6 13. Rfc1 b5 14. Be2 Bb7 15. Nc2 Nxc2 16. Rxc2 Rfd8 17. Nc5 Bxc5 18. Rxc5 f6 19. f3 Rac8 20. Rac1 Kf7 21. Kf2 Nb8 22. b4 Rxc5 23. Rxc5 Rc8 24. Rxc8 Bxc8 25. Ke1 Nc6 26. Bc5 Nd8 27. Kd2 Ne6 28. Kc3 Ke8 29. g3 Kd7 30. Be3 Kc6 31. h4 Nd8 32. h5 g6 33. h6 Be6 34. a4 Nf7 35. f4 exf4 36. gxf4 f5 37. exf5 gxf5 38. axb5+ axb5 39. Kd4 Nxh6 40. Ke5 Bc4 41. Bf3+ Kd7 42. Kf6 Ng4+ 43. Bxg4 fxg4 44. Bf2 h5 45. f5 Ke8 46. Kg6 Bd3 47. Kxh5 Bxf5 48. Kh4 Bd7 49. Kg3 Kf7 50. Bc5 Ke6 51. Bf8 Kd5 52. Bc5 Kc4 53. Bf8 Be6 54. Bc5 Kc3 55. Bf8 Kd3 56. Bc5 Ke4 57. Bf8 Kf5 58. Bc5 Kf6 59. Bf8 Kf7 60. Bc5 Bd7 61. Bd6 Ke6 62. Bc5 Ke5 63. Bf8 Kd5 64. Bc5 Kc4 65. Bf8 Kb3 66. Bc5 Kc4 1/2-1/2


[Site "https://www.chess.com"]

[Event "Titled Tuesday Blitz May 2 Early 2023"]
[White "Osinovsky, Stepan"]
[Black "Kvaloy, Aksel Bu"]
[WhiteFideId "4157354"]
[BlackFideId "1528815"]
[WhiteElo "2222"]
[BlackElo "2208"]
[Result "0-1"]
[Round "01"]
[TimeControl "180+2"]
[Date "2023.05.02"]
[WhiteClock "0:00:00"]
[BlackClock "0:00:00"]

1. Nf3 Nf6 2. g3 d5 3. Bg2 Bg4 4. O-O Nbd7 5. d3 c6 6. Nbd2 e5 7. h3 Bh5 8. e4 Bd6 9. Qe1 O-O 10. Nh4 Qc7 11. Nf5 Rfe8 12. Nxd6 Qxd6 13. Nf3 Rad8 14. Nh4 Bg6 15. Nxg6 hxg6 16. Bg5 dxe4 17. dxe4 Nc5 18. Qa5 Ncxe4 19. Bxe4 Nxe4 20. Bxd8 Qxd8 21. Qxd8 Rxd8 22. Rad1 Nd6 23. Rfe1 f6 24. Rd3 Kf7 25. c4 Ke7 26. Red1 Nf7 27. Kf1 Rxd3 28. Rxd3 Nd6 29. Ra3 a6 30. Rb3 c5 31. Ke2 Kd7 32. Rd3 Kc6 33. b3 b5 34. cxb5+ axb5 35. a4 bxa4 36. bxa4 c4 37. Rd1 Nb7 38. Kd2 Nc5 39. Kc3 Nxa4+ 40. Kb4 Nb2 41. Rd2 Nd3+ 42. Kxc4 Ne1 43. Rd8 Nf3 44. Rg8 Kd6 45. Rxg7 g5 46. Kd3 Ke6 47. Ke4 Nd4 48. Ra7 f5+ 49. Kd3 Nf3 50. Ra6+ Kd5 51. Ra5+ Ke6 52. Ke3 e4 53. Ra6+ Ke5 54. Ra5+ Ke6 55. Rb5 Kf6 56. Rb6+ Ke5 57. Rb5+ Ke6 58. g4 Nh4 59. gxf5+ Nxf5+ 60. Ke2 Nd4+ 61. Ke3 Nxb5 62. Kxe4 Nd6+ 63. Kf3 Kf5 64. Ke3 Nc4+ 65. Kf3 Ne5+ 66. Kg3 Ng6 67. Kf3 Nh4+ 68. Kg3 Ng6 69. Kf3 Ne5+ 70. Kg3 Ke4 71. h4 g4 0-1


[Site "https://www.chess.com"]

[Event "Titled Tuesday Blitz May 2 Early 2023"]
[White "Cherniaiev, Tykhon"]
[Black "Shubenkova, Veronika"]
[WhiteFideId "14182360"]
[BlackFideId "44124040"]
[WhiteElo "2450"]
[BlackElo "2027"]
[Result "1-0"]
[Round "01"]
[TimeControl "180+2"]
[Date "2023.05.02"]
[WhiteClock "0:00:00"]
[BlackClock "0:00:00"]

1. Nf3 d5 2. d4 Nf6 3. c4 c6 4. Nbd2 g6 5. e3 Bg7 6. Bd3 O-O 7. O-O Bg4 8. h3 Bf5 9. Qc2 e6 10. b3 Nbd7 11. Bb2 h5 12. Rfe1 Bh6 13. e4 dxe4 14. Nxe4 Nxe4 15. Bxe4 Nf6 16. Bxf5 exf5 17. Rad1 Bg7 18. d5 cxd5 19. cxd5 Rc8 20. Qd3 Ne4 21. Bxg7 Kxg7 22. Qd4+ Qf6 23. Qxa7 Rc2 24. Rf1 g5 25. Nd4 Rb2 26. d6 Nxd6 27. Qa3 Rb1 28. Qxd6 Qxd6 29. Nxf5+ Kf6 30. Nxd6 Rb2 31. Nxb7 Rxa2 32. Nc5 Rb2 33. Nd7+ 1-0


[Site "https://www.chess.com"]

[Event "Titled Tuesday Blitz May 2 Early 2023"]
[White "Gatterer, Florian"]
[Black "Postny, Evgeny"]
[WhiteFideId "811688"]
[BlackFideId "2804344"]
[WhiteElo "2221"]
[BlackElo "2504"]
[Result "0-1"]
[Round "01"]
[TimeControl "180+2"]
[Date "2023.05.02"]
[WhiteClock "0:00:00"]
[BlackClock "0:00:00"]

1. d4 Nf6 2. Nf3 c5 3. d5 g6 4. Nc3 Bg7 5. e4 d6 6. Bc4 Bg4 7. O-O O-O 8. h3 Bxf3 9. Qxf3 Na6 10. Re1 Nd7 11. Bxa6 bxa6 12. Nd1 c4 13. c3 Ne5 14. Qg3 Nd3 15. Rf1 Rb8 16. Rb1 Qa5 17. a3 Qa4 18. Bg5 Rfe8 19. Qh4 Rb7 20. Ne3 Nxb2 21. Ng4 Qxa3 22. Nh6+ Bxh6 23. Bxh6 Qxc3 24. Rfc1 Qd4 25. Be3 Qf6 26. Bg5 Qe5 27. Bf4 Qxe4 28. f3 Qxd5 29. Kh1 Nd3 30. Rxb7 Qxb7 31. Rxc4 Nxf4 32. Qxf4 Rc8 33. Qc1 Rxc4 34. Qxc4 a5 35. h4 h5 36. g4 hxg4 37. h5 Qxf3+ 38. Kh2 Qh3+ 39. Kg1 Qxh5 40. Qc8+ Kg7 41. Qc3+ Qe5 42. Qc7 Qc5+ 43. Qxc5 dxc5 0-1


[Site "https://www.chess.com"]

[Event "Titled Tuesday Blitz May 2 Early 2023"]
[White "Tristan, Leonardo"]
[Black "Fernandez Siles, Luis"]
[WhiteFideId "113816"]
[BlackFideId "2209420"]
[WhiteElo "2461"]
[BlackElo "2195"]
[Result "1-0"]
[Round "01"]
[TimeControl "180+2"]
[Date "2023.05.02"]
[WhiteClock "0:00:00"]
[BlackClock "0:00:00"]

1. d4 Nf6 2. Nf3 g6 3. Bf4 Bg7 4. e3 O-O 5. Be2 d6 6. O-O c5 7. c3 Nc6 8. h3 Be6 9. Nbd2 Qb6 10. dxc5 dxc5 11. Qc2 Nd5 12. Nc4 Qd8 13. Bh2 Nb6 14. Rfd1 Qc8 15. Nce5 f6 16. Nxc6 Qxc6 17. a4 Bf7 18. Bb5 Qc8 19. a5 Nd5 20. e4 Nc7 21. Bd7 Qb8 22. h4 e5 23. h5 Ne6 24. hxg6 hxg6 25. Nh4 Nf4 26. Bxf4 exf4 27. Qe2 Qe5 28. Qg4 Kh7 29. Nf3 Qe7 30. Bb5 Rfd8 31. Bd3 Kg8 32. Bc2 Qe8 33. Qxf4 g5 34. Qc7 Rac8 35. Qxb7 g4 36. Nh4 Rb8 37. Qxa7 Rxb2 38. Rxd8 Qxd8 39. Rd1 Qc8 40. Qe7 Bf8 41. Qxf6 Rxc2 42. Rd8 Qc7 43. e5 Rc1+ 44. Kh2 Re1 45. f4 gxf3 46. Nxf3 Re4 47. Qg5+ Kh7 48. Rxf8 Bg6 49. Qf6 Qg7 50. Qxg7+ Kxg7 51. Rc8 c4 52. Rc7+ Kh6 53. a6 Re2 54. a7 Ra2 55. Nd4 Be4 56. e6 Rxg2+ 57. Kh3 Ra2 58. e7 Bg6 59. Ne6 1-0


[Site "https://www.chess.com"]

[Event "Titled Tuesday Blitz May 2 Early 2023"]
[White "Andrews, Todd"]
[Black "Seo, Jung Min"]
[WhiteFideId "2012456"]
[BlackFideId "1734687"]
[WhiteElo "2217"]
[BlackElo "2468"]
[Result "0-1"]
[Round "01"]
[TimeControl "180+2"]
[Date "2023.05.02"]
[WhiteClock "0:00:00"]
[BlackClock "0:00:00"]

1. e4 c6 2. c4 d6 3. Nc3 e5 4. Nf3 Nf6 5. d4 Nbd7 6. Be2 Be7 7. O-O O-O 8. Qc2 exd4 9. Nxd4 Re8 10. Nf5 Bf8 11. Rd1 Nc5 12. Ng3 g6 13. b4 Ne6 14. e5 Nd7 15. exd6 c5 16. b5 Nd4 17. Qd3 Ne5 18. Qd2 Bxd6 19. Nge4 Bf5 20. f4 Nxc4 21. Bxc4 Bxe4 22. Bb2 Qh4 23. Rf1 Rad8 24. Rae1 Bf5 25. Rxe8+ Rxe8 26. Nd5 b6 27. Kh1 Bf8 28. Bxd4 cxd4 29. Qxd4 Bg7 30. Qd2 h5 31. Ne3 Be4 32. f5 Bh6 33. fxg6 Bxg6 34. Qd7 Qe7 35. Qxe7 Rxe7 36. Nd5 Re5 37. Nf6+ Kg7 38. Nd7 Re3 39. Nb8 Rc3 40. Bb3 Bd3 41. Rxf7+ Kg6 42. h3 Rxb3 43. axb3 Kxf7 44. Nc6 Bxb5 45. Nxa7 Bd7 46. b4 b5 47. Kg1 Be3+ 0-1


[Site "https://www.chess.com"]

[Event "Titled Tuesday Blitz May 2 Early 2023"]
[White "Tymrakiewicz, Rafal"]
[Black "Weetik, Vjacheslav"]
[WhiteFideId "1108832"]
[BlackFideId "4153472"]
[WhiteElo "2151"]
[BlackElo "2469"]
[Result "0-1"]
[Round "01"]
[TimeControl "180+2"]
[Date "2023.05.02"]
[WhiteClock "0:00:00"]
[BlackClock "0:00:00"]

1. d4 Nf6 2. Bg5 d5 3. e3 c5 4. c3 Qb6 5. Qb3 Ne4 6. Bf4 c4 7. Qc2 Bf5 8. Qc1 Nc6 9. h3 f6 10. Nf3 g5 11. Bh2 h5 12. Nbd2 e6 13. Nxe4 Bxe4 14. Nd2 Bg6 15. e4 Bh6 16. g4 Bg7 17. Bg2 O-O-O 18. b3 hxg4 19. hxg4 cxb3 20. axb3 dxe4 21. Nc4 Qb5 22. Nd6+ Rxd6 23. Bxd6 Rxh1+ 24. Bxh1 Qxb3 25. Qa3 Qxa3 26. Rxa3 a6 27. Kd2 f5 28. Ra1 Kd7 29. Ba3 Na5 30. Ke2 Nc4 31. Bc1 f4 32. Ra4 Nd6 33. Rb4 b5 34. Rb2 e5 35. d5 Bf7 36. Ra2 Bxd5 37. Rxa6 f3+ 38. Ke1 Nc4 39. Bxg5 Bf8 40. Ra7+ Kc6 41. Ra6+ Kb7 42. Rf6 Bc5 0-1


[Site "https://www.chess.com"]

[Event "Titled Tuesday Blitz May 2 Early 2023"]
[White "Fernandez Guillen, Ernesto J."]
[Black "Harriott, Tyrell"]
[WhiteFideId "3512428"]
[BlackFideId "2086484"]
[WhiteElo "2423"]
[BlackElo "2107"]
[Result "1-0"]
[Round "01"]
[TimeControl "180+2"]
[Date "2023.05.02"]
[WhiteClock "0:00:01"]
[BlackClock "0:00:00"]

1. e4 e6 2. Nf3 d5 3. Nc3 f5 4. e5 c5 5. d4 Nc6 6. Ne2 Nge7 7. c3 Ng6 8. h4 Be7 9. h5 Nf8 10. Be3 Nd7 11. Nf4 Ndb8 12. Bd3 cxd4 13. cxd4 Qa5+ 14. Kf1 Na6 15. a3 Qd8 16. b4 Nc7 17. g4 fxg4 18. Nh2 O-O 19. Qxg4 Qe8 20. Rg1 Qf7 21. h6 g6 22. Nxg6 hxg6 23. Bxg6 Qxf2+ 24. Bxf2 Kh8 25. Bf7 Bg5 26. Qxg5 1-0


[Site "https://www.chess.com"]

[Event "Titled Tuesday Blitz May 2 Early 2023"]
[White "Mihajlov, Sebastian"]
[Black "Marcziter, Dmitrii"]
[WhiteFideId "1512110"]
[BlackFideId "13900765"]
[WhiteElo "2478"]
[BlackElo "2162"]
[Result "0-1"]
[Round "01"]
[TimeControl "180+2"]
[Date "2023.05.02"]
[WhiteClock "0:00:01"]
[BlackClock "0:00:00"]

1. d4 d5 2. Nf3 c5 3. e3 Nc6 4. Bd3 Nf6 5. O-O Bg4 6. c3 e6 7. Nbd2 Bd6 8. h3 Bh5 9. dxc5 Bxc5 10. b4 Bd6 11. Bb2 O-O 12. a3 e5 13. e4 dxe4 14. Nxe4 Nxe4 15. Bxe4 f5 16. Qb3+ Kh8 17. Bd5 e4 18. Nd2 Qg5 19. Nc4 Bc7 20. Bc1 Qg6 21. Kh1 Rad8 22. Nb2 Qd6 0-1


[Site "https://www.chess.com"]

[Event "Titled Tuesday Blitz May 2 Early 2023"]
[White "Bashkansky, Ethan"]
[Black "Lavrik, Dmitry"]
[WhiteFideId "2071533"]
[BlackFideId "24113190"]
[WhiteElo "2101"]
[BlackElo "2345"]
[Result "0-1"]
[Round "01"]
[TimeControl "180+2"]
[Date "2023.05.02"]
[WhiteClock "0:00:00"]
[BlackClock "0:00:00"]

1. d4 Nf6 2. c4 g6 3. Nc3 d5 4. cxd5 Nxd5 5. Bd2 Bg7 6. e4 Nxc3 7. Bxc3 O-O 8. Qd2 Nc6 9. Bb5 Nxd4 10. Ba4 c5 11. Ne2 e5 12. O-O b5 13. Bxd4 bxa4 14. Be3 Qxd2 15. Bxd2 Ba6 16. Rfe1 Rfd8 17. Be3 Rab8 18. Nc3 Rxb2 19. Nxa4 Rc2 20. Nxc5 Bc4 21. h3 f5 22. Rec1 Rxc1+ 23. Rxc1 Bf7 24. Nb7 Rb8 25. Nd6 Bxa2 26. exf5 a5 27. fxg6 hxg6 28. f3 a4 29. Ne4 Rb1 30. Rxb1 Bxb1 31. Nd2 a3 32. Nb3 e4 33. Bd4 Bxd4+ 34. Nxd4 e3 35. Kf1 Bd3+ 36. Ke1 Kf7 37. f4 Ke7 38. g4 Kd6 39. Nb3 Kd5 40. h4 Ke4 41. f5 gxf5 42. gxf5 Kxf5 43. Nd4+ Kg4 44. Nb3 a2 45. Kd1 Kxh4 46. Na1 Kg3 47. Ke1 Kf3 48. Nb3 Ke4 49. Nc5+ Kd4 50. Nb3+ Kc3 51. Na1 Kb2 52. Kd1 e2+ 53. Kd2 Kxa1 54. Ke1 Kb2 55. Kd2 a1=Q 56. Ke3 Qd1 57. Kd4 Bb1+ 0-1


[Site "https://www.chess.com"]

[Event "Titled Tuesday Blitz May 2 Early 2023"]
[White "Gritsenko, Nikolai"]
[Black "Balla, Tamas-Kristof"]
[WhiteFideId "14112493"]
[BlackFideId "1208497"]
[WhiteElo "2389"]
[BlackElo "2334"]
[Result "1-0"]
[Round "01"]
[TimeControl "180+2"]
[Date "2023.05.02"]
[WhiteClock "0:00:00"]
[BlackClock "0:00:00"]

1. d4 d5 2. Bf4 Nf6 3. e3 e6 4. Nf3 Bd6 5. Bg3 O-O 6. c3 b6 7. Nbd2 c5 8. Bd3 Ba6 9. Bxa6 Nxa6 10. Qe2 Nb8 11. Bh4 Nbd7 12. e4 dxe4 13. Nxe4 Qc7 14. Nxf6+ Nxf6 15. Bxf6 gxf6 16. O-O-O Kh8 17. d5 Rae8 18. dxe6 Rxe6 19. Qc4 Rfe8 20. Kb1 Re2 21. Rd2 Rxd2 22. Nxd2 Be5 23. Nf3 Rd8 24. Re1 Qd7 25. a3 Qf5+ 26. Qe4 Qe6 27. Nxe5 fxe5 28. Qxe5+ Qxe5 29. Rxe5 Rd2 30. Rf5 Kg7 31. a4 a5 32. Rf4 h5 33. h4 Re2 34. Ka2 Rd2 35. Kb3 Kg6 36. g3 Re2 37. f3 Rg2 38. g4 Rh2 39. gxh5+ Kxh5 40. Rxf7 Rxh4 41. Rh7+ Kg5 42. Rxh4 Kxh4 43. Kc4 Kg3 44. Kb5 Kxf3 45. Kxb6 1-0


[Site "https://www.chess.com"]

[Event "Titled Tuesday Blitz May 2 Early 2023"]
[White "Vedder, Richard"]
[Black "Schmakel, Sam"]
[WhiteFideId "1004166"]
[BlackFideId "2039311"]
[WhiteElo "2168"]
[BlackElo "2356"]
[Result "0-1"]
[Round "01"]
[TimeControl "180+2"]
[Date "2023.05.02"]
[WhiteClock "0:00:01"]
[BlackClock "0:00:01"]

1. d4 d5 2. c4 e6 3. Nc3 Nf6 4. Bg5 dxc4 5. e4 Bb4 6. Bxc4 c5 7. Nf3 cxd4 8. Nxd4 Bxc3+ 9. bxc3 Qa5 10. Bb5+ Nbd7 11. Bxf6 Qxc3+ 12. Ke2 gxf6 13. Rc1 Qb4 14. Rxc8+ Rxc8 15. Bxd7+ Kxd7 16. Nb5+ Ke7 17. a4 Rhd8 0-1


[Site "https://www.chess.com"]

[Event "Titled Tuesday Blitz May 2 Early 2023"]
[White "Averjanov, Alexey"]
[Black "Vaglio Munoz, Jaime"]
[WhiteFideId "14109867"]
[BlackFideId "6500145"]
[WhiteElo "2399"]
[BlackElo "2199"]
[Result "1-0"]
[Round "01"]
[TimeControl "180+2"]
[Date "2023.05.02"]
[WhiteClock "0:00:00"]
[BlackClock "0:00:00"]

1. d4 c6 2. c4 b5 3. cxb5 cxb5 4. e4 Bb7 5. Bd3 Nf6 6. Qe2 Nc6 7. Nf3 Nb4 8. Nbd2 Nxd3+ 9. Qxd3 a6 10. O-O e6 11. b3 Rc8 12. Bb2 Qa5 13. a4 Bb4 14. e5 Nd5 15. axb5 Qxb5 16. Nc4 Nf4 17. Qe3 Ng6 18. Ng5 O-O 19. Ne4 Qd5 20. f3 Qc6 21. Rfc1 Qc7 22. Ncd6 Qb8 23. Nxc8 Bxc8 24. Ba3 a5 25. Bxb4 axb4 26. Nd6 Ne7 27. Qd3 Nd5 28. Rc5 Bb7 29. Rb5 Qc7 30. Rxb7 Qc6 31. Qc4 Qxc4 32. bxc4 Ne3 33. Rxd7 h5 34. Rda7 Rb8 35. Ra8 Rxa8 36. Rxa8+ Kh7 37. Rb8 g5 38. Rxb4 g4 39. fxg4 hxg4 40. Nxf7 Kg6 41. Nd8 Kf5 42. c5 Nd5 43. Rb3 Kf4 44. c6 Ke4 45. Nxe6 g3 46. Rxg3 Nc7 47. Nxc7 Kxd4 48. e6 Ke5 49. e7 Kd6 50. e8=Q Kxc7 51. Qd7+ Kb6 52. c7 Kc5 53. c8=Q+ Kb4 54. Qdb7+ 1-0


[Site "https://www.chess.com"]

[Event "Titled Tuesday Blitz May 2 Early 2023"]
[White "Topalov, Aleksandar"]
[Black "Hua, Lefong"]
[WhiteFideId "925659"]
[BlackFideId "2602253"]
[WhiteElo "2151"]
[BlackElo "2305"]
[Result "1/2-1/2"]
[Round "01"]
[TimeControl "180+2"]
[Date "2023.05.02"]
[WhiteClock "0:00:00"]
[BlackClock "0:00:00"]

1. b3 Nf6 2. Bb2 g6 3. Bxf6 exf6 4. c4 b6 5. Nc3 Bb7 6. e3 Bg7 7. Nge2 O-O 8. Nf4 f5 9. Be2 d6 10. O-O Nd7 11. Rc1 Nf6 12. Bf3 Ne4 13. Nfd5 Re8 14. d3 Nxc3 15. Nxc3 Bxf3 16. Qxf3 Qd7 17. Nd5 c6 18. Nf4 a5 19. Rb1 h5 20. g3 Be5 21. Ne2 Kg7 22. a3 h4 23. d4 Bf6 24. b4 axb4 25. axb4 hxg3 26. hxg3 Ra4 27. b5 Rxc4 28. bxc6 Qxc6 29. Qxc6 Rxc6 30. Nf4 Rb8 31. Rb5 Bd8 32. Nd5 Kf8 33. Ra1 Rcc8 34. Ra7 Rc6 35. Kg2 Ke8 36. Kf3 Rcc8 37. Ke2 Rc2+ 38. Kf3 Rcc8 39. Ke2 Rc2+ 40. Kf3 Rc6 41. Ke2 Rbc8 42. Kf3 Rc2 43. Rb3 Rd2 44. Rc3 Rxc3 45. Nxc3 Rb2 46. Ra8 Kd7 47. Ra7+ Ke8 48. Ra8 b5 49. Rb8 b4 50. Nd5 b3 51. Nc7+ Kd7 52. Nd5 Rb1 53. Rb7+ Kc6 54. Rb8 Kxd5 55. Rxd8 b2 56. Rb8 g5 57. Kg2 g4 58. Rb7 Ke4 59. Rb3 f6 60. Rb4 Kd3 61. Rb5 Kc4 62. Rb8 Kd3 63. Rb7 Kc3 64. Rc7+ Kd2 65. Rb7 Ke1 66. Rb6 Rd1 67. Rxb2 Rd2 68. Rxd2 Kxd2 69. Kf1 Kd1 70. Kg1 Ke1 71. Kg2 Ke2 72. Kg1 Kd2 73. Kf1 Kd1 74. Kg1 Ke1 75. Kg2 Ke2 76. Kg1 Kf3 77. Kf1 d5 78. Ke1 Kg2 79. Ke2 Kg1 80. Ke1 Kg2 81. Ke2 Kg1 82. Ke1 Kg2 1/2-1/2


[Site "https://www.chess.com"]

[Event "Titled Tuesday Blitz May 2 Early 2023"]
[White "Karthik Rajaa"]
[Black "Gracia Alvarez, Gerardo Antonio"]
[WhiteFideId "25035215"]
[BlackFideId "5109124"]
[WhiteElo "2215"]
[BlackElo "2160"]
[Result "1-0"]
[Round "01"]
[TimeControl "180+2"]
[Date "2023.05.02"]
[WhiteClock "0:00:00"]
[BlackClock "0:00:00"]

1. Nf3 d5 2. c4 c6 3. e3 Nf6 4. Nc3 Bg4 5. Qb3 Bxf3 6. Qxb7 Nbd7 7. gxf3 e6 8. Qxc6 Rc8 9. Qa4 Bd6 10. cxd5 exd5 11. d4 O-O 12. Bd3 Rb8 13. Qc2 Qe7 14. Bd2 Rfc8 15. Kf1 Nb6 16. Rc1 g6 17. h4 Nh5 18. Qd1 Qe6 19. Qe2 a5 20. Kg2 Nc4 21. Bxc4 dxc4 22. Be1 Bb4 23. Ne4 f5 24. Ng3 Nf6 25. Bc3 Nd5 26. Qd2 f4 27. Ne4 Rf8 28. a3 Qf5 29. Rh3 Bxc3 30. Nxc3 fxe3 31. fxe3 Nf6 32. e4 Qd7 33. d5 Nh5 34. Ne2 Rb3 35. Rc3 Rb6 36. Rxc4 Rbf6 37. Rc3 Kh8 38. e5 Rf5 39. Qd4 Kg8 40. d6 Ng7 41. Qd5+ Ne6 42. Nd4 1-0


[Site "https://www.chess.com"]